 Dungeon Crawl Stone Soup version 0.25-a0-110-ge29c8f2358 (console) character file.

Game seed: 5133055304852229219, levelgen mode: deterministic

805 Kagalorn the Gusty (level 8, 0/51 HPs)
             Began as a Halfling Air Elementalist on Nov 20, 2019.
             Was an Initiate of Cheibriados.
             Slain by an orc wizard
             ... wielding a +0 dagger
              (3 damage)
             ... on level 5 of the Dungeon.
             The game lasted 00:20:24 (4903 turns).

Kagalorn the Gusty (Halfling Air Elementalist)      Turns: 4903, Time: 00:20:26

Health: 0/51       AC:  3    Str: 11    XL:     8   Next: 14%
Magic:  0/11       EV: 16    Int: 15    God:    Cheibriados [......]
Gold:   298        SH:  0    Dex: 16    Spells: 5/11 levels left

rFire    . . .     SeeInvis .   o - +0 rapier
rCold    . . .     Gourm    .   (shield restricted)
rNeg     . . .     Faith    .   a - +0 robe
rPois    .         Spirit   .   (no helmet)
rElec    .         Reflect  .   (no cloak)
rCorr    .         Harm     .   j - +0 pair of gloves
MR       .....                  (no boots)
Stlth    ++........             (no amulet)
HPRegen  0.17/turn              (no ring)
MPRegen  0.12/turn              (no ring)

@: very slow
A: small, mutation resistance 1
a: Bend Time, Renounce Religion


You were on level 5 of the Dungeon.
You worshipped Cheibriados.
Cheibriados was noncommittal.
You were hungry.

You visited 2 branches of the dungeon, and saw 6 of its levels.

You collected 298 gold pieces.

Inventory:

Hand Weapons
 i - the cursed +1 hand axe of Xeypt {protect, rF+ rC+ rN+ Dex-4, unknown}
   (You found it on level 5 of the Dungeon)

   It grants its wielder temporary protection when it strikes (+7 to AC).
   It affects your dexterity (-4).
   It protects you from fire.
   It protects you from cold.
   It protects you from negative energy.
   It has a curse placed upon it.
 o - a +0 rapier (weapon)
Missiles
 e - 95 stones
 t - 16 poisoned darts (quivered)
 u - 26 sling bullets
 z - a throwing net
Armour
 a - a +0 robe (worn)
 g - a +0 buckler
 j - a +0 pair of gloves (worn)
Jewellery
 y - an uncursed ring of positive energy {unknown}
Wands
 r - a wand of flame (9)
 v - a wand of iceblast (6)
 w - a wand of paralysis (8)
Scrolls
 d - a scroll of remove curse
 h - 2 scrolls of fog
 k - 2 scrolls of magic mapping
 l - a scroll of enchant armour {unknown}
 p - a scroll of teleportation {unknown}
 q - a scroll of random uselessness {unknown}
 s - a scroll of amnesia
 x - a scroll of enchant weapon {unknown}
Potions
 b - a potion of magic
 f - a potion of curing
 m - a potion of lignification
 n - a potion of brilliance
Comestibles
 c - 8 rations


   Skills:
 * Level 2.3 Fighting
 - Level 3.1 Dodging
 - Level 3.0 Stealth
 - Level 2.0 Spellcasting
 + Level 3.3 Conjurations
   Level 2.2 Charms
 * Level 0.4 Transmutations
 - Level 6.0 Air Magic
 * Level 1.0 Invocations


You had 5 spell levels left.
You knew the following spells:

 Your Spells              Type           Power        Failure   Level  Hunger
a - Shock                 Conj/Air       ###.         3%          1    #......
b - Static Discharge      Conj/Air       ###.....     10%         3    ###....
f - Passwall              Tmut/Erth      #.......     30%         2    ###....

Your spell library contained the following spells:

 Spells                   Type           Power        Failure   Level  Hunger
 Swiftness                Chrm/Air       ##......     6%          2    ###....
 Airstrike                Air            ###.......   19%         4    #####..
 Corona                   Hex            #......      22%         1    #......
 Sandblast                Erth           #.....       22%         1    #......
 Ensorcelled Hibernation  Hex/Ice        #.....       32%         2    ###....
 Stone Arrow              Conj/Erth      #.....       32%         3    ###....
 Spectral Weapon          Hex/Chrm       #.......     38%         3    ###....
 Inner Flame              Hex/Fire       #.......     54%         3    ###....
 Lightning Bolt           Conj/Air       ###.......   65%         5    ######.
 Petrify                  Tmut/Erth      #.......     90%         4    #####..
 Lee's Rapid Deconstruct  Erth           #.........   99%         5    ######.


Dungeon Overview and Level Annotations

Branches:
Dungeon (5/15)             Temple (1/1) D:4

Altars:
Cheibriados
Dithmenos
Elyvilon
Fedhas
Gozag
Kikubaaqudgha
Makhleb
Nemelex Xobeh
Okawaru
Qazlal
Ru
Trog
Uskayaw
Vehumet
Wu Jian
Xom
Yredelemnul
Zin
The Shining One

Annotations:
D:5 Edmund


Innate Abilities, Weirdness & Mutations

You are small and have problems with some larger weapons.
You are somewhat resistant to further mutation.


Message History

The iguana closely misses you.
As you read the scroll labeled HOCHICH TAOX, it crumbles to dust.
The scroll dissolves into smoke.
It was a scroll of fog.
The iguana bites you!
* * * LOW HITPOINT WARNING * * *
The adder skeleton closely misses you. The orc barely misses you.
As you read the scroll labeled IBAKKA GUQUAW, it crumbles to dust.
You feel blessed for a moment.
It was a scroll of remove curse.
The iguana bites you but does no damage.
The adder skeleton bites you.
* * * LOW HITPOINT WARNING * * *
The orc wizard hits you but does no damage.
The orc closely misses you.
Casting: Static Discharge (safe; 10% risk of failure)
Confirm with . or Enter, or press ? or * to list all spells.
The adder skeleton is struck by an arc of lightning!
The adder skeleton is heavily damaged.
The lightning grounds out.
The iguana completely misses you. The adder skeleton barely misses you.
The orc wizard hits you with a +0 dagger.
You die...

,*,,*,,,,,,,,,,..#.#*
,,,,,,,,,,,,,,,....##**
,,,,,,,....,,,**.....,**
*,,,,,,....,,,**#...,,,*
,,,,,,,....l,,,*#..#,,**
,,,,,,,.....****#..#**###
,,,,,,,@..l!.* #§§## #.#
,,,,,,,......####l§.###.#######
,,,,,,,.......#o@#...#...##...##
,,*,,,,.......YZo#...##........#
,,*,,,*.......##§§..###...)....#
,,,,,,*............## ##...##..#
....,,,......###...####.....#..#
.....,,(......#.>...##...##...##
....#,,..................<#....#
...#*..##.............##.......#
...##..#...............##...#..##


You could see an ice beast, an iguana, an orc wizard, an orc and an adder
skeleton.

Vanquished Creatures
  Eustachio (D:4)
  3 ogres
  A bullfrog (D:4)
  A crimson imp (D:5)
  A centaur zombie (D:5)
  An orc wizard (D:5)
  An iguana (D:2)
  6 adders
  3 gnolls (D:2)
  A shadow imp (D:4)
  4 oozes
  6 worms
  3 dart slugs
  2 leopard geckos
  4 orcs
  4 giant cockroaches
  5 goblins
  7 hobgoblins
  11 jackals
  11 kobolds
  A quokka (D:4)
  6 bats
  5 frilled lizards
  7 rats
95 creatures vanquished.

Notes
Turn   | Place    | Note
-------+----------+-------------------------------------------
     0 | D:1      | Kagalorn the Halfling Air Elementalist began the quest for
                  | the Orb.
     0 | D:1      | Reached XP level 1. HP: 11/11 MP: 3/3
   273 | D:1      | Reached XP level 2. HP: 15/17 MP: 1/4
   387 | D:1      | Reached skill level 1 in Conjurations
   690 | D:1      | Reached XP level 3. HP: 19/22 MP: 1/5
  1015 | D:1      | Learned a level 3 spell: Static Discharge
  1057 | D:2      | Found a glowing silver altar of Zin.
  1279 | D:2      | Reached XP level 4. HP: 25/27 MP: 2/6
  1390 | D:2      | Reached skill level 4 in Air Magic
  1395 | D:2      | Learned a level 2 spell: Swiftness
  1715 | D:2      | Reached skill level 1 in Fighting
  1715 | D:2      | Reached XP level 5. HP: 33/33 MP: 0/7
  1835 | D:2      | Found an iron altar of Okawaru.
  1836 | D:2      | Found a bloodstained altar of Trog.
  1836 | D:2      | Found a radiant altar of Vehumet.
  2148 | D:2      | Reached skill level 1 in Charms
  2606 | D:3      | Found a faded altar of an unknown god.
  3081 | D:4      | Noticed a bullfrog
  3094 | D:4      | Killed a bullfrog
  3094 | D:4      | Reached XP level 6. HP: 29/38 MP: 2/8
  3285 | D:4      | Found a shadowy altar of Dithmenos.
  3588 | D:4      | Found a staircase to the Ecumenical Temple.
  3754 | Temple   | Entered the Ecumenical Temple
  3816 | Temple   | Became a worshipper of Cheibriados the Contemplative
  3881 | D:4      | Noticed an ogre
  3893 | D:4      | Killed an ogre
  3953 | D:4      | Identified the Handbook of Bewitchment
  4093 | D:4      | Noticed an ogre
  4105 | D:4      | Killed an ogre
  4105 | D:4      | Reached skill level 5 in Air Magic
  4105 | D:4      | Reached XP level 7. HP: 44/44 MP: 3/9
  4191 | D:5      | Entered Level 5 of the Dungeon
  4191 | D:5      | Noticed Eustachio
  4319 | D:4      | Killed Eustachio
  4747 | D:5      | Got an encrusted hand axe
  4756 | D:5      | Learned a level 2 spell: Passwall
  4807 | D:5      | Reached XP level 8. HP: 44/50 MP: 1/11
  4878 | D:5      | Noticed Edmund
  4891 | D:5      | Reached skill level 6 in Air Magic
  4891 | D:5      | Reached skill level 1 in Invocations
  4903 | D:5      | Slain by an orc wizard

Levels and vault maps discovered:
D:1:      dpeg_arrival_shelter, layout_basic
D:2:      layout_rooms, lemuel_doored_altar, minitemple, dk_vineyard_3,
          serial_park_tiny_1, minmay_pentomino_q4
D:3:      layout_loops_ring, first_ration, chequers_ecumenical_altar_island
D:4:      layout_loops_corners, minmay_temple_entry_statues,
          grunt_dithmenos_smoke_and_mirrors
D:5:      layout_cave_pools, uniq_edmund, uniq_eustachio
Temple:   eino_wide_crystal_templ

Skill      XL: |  1  2  3  4  5  6  7  8 |
---------------+-------------------------+-----
Conjurations   | 1 2 3 |  3.3
Air Magic      | 4 5 6 |  6.0
Stealth        | 3 |  3.0
Fighting       | 1 2 |  2.3
Charms         | 1 2 |  2.2
Dodging        | 3 |  3.1
Spellcasting   | 2 |  2.0
Invocations    | 1 |  1.0
Transmutations | |  0.4

Action                   |  1- 3 |  4- 6 |  7- 9 || total
-------------------------+-------+-------+-------++-------
Melee: Short sword       |    17 |    89 |    15 ||   121
       Rapier            |       |       |    13 ||    13
Throw: Dart              |       |     3 |     1 ||     4
 Cast: Shock             |    51 |   108 |    50 ||   209
       Static Discharge  |       |       |     4 ||     4
  Use: Scroll            |       |       |     9 ||     9
 Stab: Sleeping          |     2 |     8 |     1 ||    11
       Distracted        |       |     1 |       ||     1
  Eat: Chunk             |     3 |     7 |     5 ||    15
       Ration            |       |     1 |       ||     1
Armor: Robe              |     7 |    11 |     5 ||    23
Dodge: Dodged            |    41 |   101 |    88 ||   230

Table legend:
 A = Non-vault XP
 B = Vault XP
 C = Vault XP percentage of total XP
 D = Non-vault monster count
 E = Vault monster count
 F = Vault count percentage of total count
                 A         B        C        D         E       F
            +---------+---------+-------+---------+---------+-------
      Total |     934 |     216 |  18.8 |      91 |       4 |   4.2
            +---------+---------+-------+---------+---------+-------
        D:1 |      47 |       0 |   0.0 |      19 |       0 |   0.0
        D:2 |     182 |       5 |   2.7 |      32 |       3 |   8.6
        D:3 |      32 |       0 |   0.0 |      16 |       0 |   0.0
        D:4 |     385 |     211 |  35.4 |      12 |       1 |   7.7
        D:5 |     288 |       0 |   0.0 |      12 |       0 |   0.0
            +---------+---------+-------+---------+---------+-------
